 Dungeon Crawl Stone Soup version 0.25.0-41-g26779e291d (webtiles) character file.

Game seed: 14813967860105302043

33446 Gwenloh the Spear-Bearer (level 13, -3/111 HPs)
             Began as a Demigod Fighter on July 10, 2020.
             Slain by a meliai
             ... wielding a +0 hand axe
              (6 damage)
             ... on level 5 of the Lair of Beasts on July 11, 2020.
             The game lasted 00:53:56 (17569 turns).

Gwenloh the Spear-Bearer (Demigod Fighter)         Turns: 17569, Time: 00:53:57

Health: -3/111     AC: 18    Str: 19    XL:     13   Next: 8%
Magic:  22/22      EV: 11    Int: 14    God:
Gold:   1029       SH: 14    Dex: 23    Spells: 10/12 levels left

rFire    + . .     SeeInvis .   a - +12 trident of Death {vorpal, *Rage rPois Int+2}
rCold    . . .     Gourm    .   x - +2 kite shield
rNeg     . . .     Faith    .   V - +2 chain mail {rF+}
rPois    +         Spirit   .   B - +0 helmet
rElec    .         Reflect  .   (no cloak)
rCorr    +         Harm     .   z - +2 pair of gloves
MR       +....     Rnd*Rage +   (no boots)
Stlth    ..........             (no amulet)
HPRegen  0.28/turn              i - ring of resist corrosion
MPRegen  0.18/turn              (no ring)

@: about to teleport, berserk cooldown, flying
A: high mp 1
a: no special abilities


You were on level 5 of the Lair of Beasts.
You were very hungry.

You visited 2 branches of the dungeon, and saw 14 of its levels.

You collected 1029 gold pieces.

Inventory:

Hand Weapons
 a - the +12 trident of Death (weapon) {vorpal, *Rage rPois Int+2}
   (You found it on level 5 of the Dungeon)

   It inflicts extra damage upon your enemies.
   It affects your intelligence (+2).
   It protects you from poison.
   It may make you go berserk in combat.
 t - a +0 falchion of electrocution
Missiles
 y - 10 javelins
 G - 19 boomerangs (quivered)
 I - a throwing net
 L - 86 bolts
 M - 8 silver boomerangs
Armour
 x - a +2 kite shield (worn)
 z - a +2 pair of gloves (worn)
 A - the +2 leather armour of the Alphagorgon {+Inv rC+++ MR- rCorr}
   (You found it on level 4 of the Dungeon)

   It renders you almost immune to cold.
   It affects your resistance to hostile enchantments.
   It lets you turn invisible.
   It provides partial protection from all sources of acid and corrosion.
 B - a +0 helmet (worn)
 R - the +1 ring mail "Jempawn" {rF+ Regen+ Str+3}
   (You found it on level 8 of the Dungeon)

   It affects your strength (+3).
   It protects you from fire.
   It increases your rate of regeneration.
 V - a +2 chain mail of fire resistance (worn)
Jewellery
 i - a ring of resist corrosion (left hand)
 m - an uncursed ring of magical power
 N - an uncursed ring of protection from magic
Wands
 n - a wand of random effects (16)
 w - a wand of iceblast (10)
 E - a wand of enslavement (11)
 W - a wand of flame (27)
 X - a wand of acid (15)
Scrolls
 b - 3 scrolls of amnesia
 c - a scroll of blinking
 g - 2 scrolls of teleportation
 o - 5 scrolls of enchant weapon
 q - 2 scrolls of fear
 r - a scroll of fog
 v - a scroll of immolation
 T - a scroll of vulnerability
 U - 3 scrolls of enchant armour
 Y - a scroll of magic mapping
Potions
 j - 2 potions of flight
 k - 9 potions of curing
 l - a potion of magic {unknown}
 p - 2 potions of ambrosia {unknown}
 u - a potion of resistance {unknown}
 D - 5 potions of mutation
 F - 4 potions of stabbing
 H - 3 potions of lignification {unknown}
 J - 4 potions of haste {unknown}
 K - 3 potions of heal wounds {unknown}
 S - a potion of cancellation {unknown}
 Z - 2 potions of degeneration {unknown}
Miscellaneous
 O - a phantom mirror
Comestibles
 d - 4 chunks of flesh
 f - 20 rations


   Skills:
 + Level 9.0 Fighting
 - Level 6.1 Long Blades
 * Level 10.5 Polearms
 + Level 9.1 Armour
 + Level 5.9 Dodging
 + Level 9.0 Shields
 + Level 7.7 Evocations


You had 10 spell levels left.
You knew the following spells:

 Your Spells              Type           Power        Failure   Level  Hunger
a - Blink                 Tloc           N/A          100%        2    ###....

Your spell library contained the following spells:

 Spells                   Type           Power        Failure   Level  Hunger
 Animate Skeleton         Necr           N/A          99%         1    ##.....
 Freeze                   Ice            #...         99%         1    ##.....
 Magic Dart               Conj           #...         99%         1    ##.....
 Pain                     Necr           #...         99%         1    ##.....
 Sandblast                Erth           #.....       99%         1    ##.....
 Call Imp                 Summ           #.......     100%        2    ###....
 Passwall                 Tmut/Erth      #.......     100%        2    ###....
 Searing Ray              Conj           #.....       100%        2    ###....
 Slow                     Hex            #.......     100%        2    ###....
 Conjure Flame            Conj/Fire      #.......     100%        3    ####...
 Dazzling Flash           Conj/Hex       #.....       100%        3    ####...
 Frozen Ramparts          Ice            #.....       100%        3    ####...
 Mephitic Cloud           Conj/Pois/Air  #.......     100%        3    ####...
 Ozocubu's Armour         Chrm/Ice       #.......     100%        3    ####...
 Spider Form              Tmut/Pois      #.........   100%        3    ####...
 Stone Arrow              Conj/Erth      #.....       100%        3    ####...
 Fulminant Prism          Conj/Hex       #.........   100%        4    #####..
 Hailstorm                Conj/Ice       #.......     100%        4    #####..
 Ice Form                 Ice/Tmut       #.......     100%        4    #####..
 Iskenderun's Mystic Bla  Conj/Tloc      #.......     100%        4    #####..
 Leda's Liquefaction      Hex/Erth       #.........   100%        4    #####..
 Petrify                  Tmut/Erth      #.......     100%        4    #####..
 Summon Ice Beast         Ice/Summ       #.......     100%        4    #####..
 Agony                    Necr           #.......     100%        5    ######.
 Bolt of Magma            Conj/Fire/Erth #.........   100%        5    ######.
 Borgnjor's Vile Clutch   Necr/Erth      #.........   100%        5    ######.
 Excruciating Wounds      Chrm/Necr      #.........   100%        5    ######.
 Lee's Rapid Deconstruct  Erth           #.........   100%        5    ######.
 Metabolic Englaciation   Hex/Ice        #.........   100%        5    ######.
 Freezing Cloud           Conj/Ice/Air   #.........   100%        6    #######
 Iron Shot                Conj/Erth      #.........   100%        6    #######
 Ozocubu's Refrigeration  Ice            #.........   100%        6    #######
 Simulacrum               Ice/Necr       #.........   100%        6    #######
 Statue Form              Tmut/Erth      #........    100%        6    #######
 Shatter                  Erth           #.........   100%        9    #######


Dungeon Overview and Level Annotations

Branches:
Dungeon (9/15)             Temple (0/1) D:4            Lair (5/6) D:9
 Shoals (0/4) Lair:3        Snake (0/4) Lair:4        Slime (0/5) Lair:5
    Orc: D:9-12

Shops:
D:5 =%

Annotations:
D:3 2 runed translucent doors, IHuginn's ghost, amateur FoFi
D:7 2 runed translucent doors


Innate Abilities, Weirdness & Mutations

You have an increased reservoir of magic. (+10% MP)


Message History

A killer bee comes into view.
The killer bee buzzes angrily.
A killer bee comes into view.
The queen bee barely misses you.
Found four items.
As you read the scroll of teleportation, it crumbles to dust.
You feel strangely unstable. You block the meliai's attack.
The meliai stings you but does no damage.
The meliai calls down the wrath of its god upon you.
Something smites you!
* * * LOW HITPOINT WARNING * * *
The queen bee calls on the meliai to defend it!
The meliai goes berserk!
The queen bee calls on the killer bee to defend it!
The killer bee goes berserk!
It was a potion of flight.
You feel very buoyant.
You fly up into the air.
You block the meliai's attack. x2
You block the killer bee's attack. The meliai hits you with a +0 hand axe.
You die...

###########
#≈≈≈≈≈≈≈≈≈.
#≈y@y≈≈y...
#≈!yy...≈≈#
#≈≈yl.%≈≈##
#≈≈...≈≈##
#≈≈.%≈≈##
#. #≈..≈≈##
.# #
#≈.≈≈## #.
. #≈.≈##
.#.###
###.#F§##


You could see a komodo dragon, a queen bee, a meliai (berserk) and 4 killer
bees.

Vanquished Creatures
  Gastronok (Lair:1)
  A two-headed ogre (D:9)
  A death yak (Lair:5)
  Nergalle (Lair:1)
  An unseen horror (D:7)
  Pikel (D:7)
  3 oklob plants
  A faun (Lair:5)
  A manticore (Lair:5)
  10 elephants
  2 black mambas
  A merfolk siren (Lair:3)
  Psyche (D:8)
  7 spiny frogs
  3 rime drakes
  5 komodo dragons
  A meliai (Lair:5)
  2 trolls (D:8)
  A polar bear (Lair:5)
  6 hippogriffs
  Grinder (D:3)
  A slime creature (D:7)
  6 blink frogs
  13 yaks
  3 wyverns
  2 hungry ghosts (D:8)
  Menkaure (D:7)
  2 wargs (D:9)
  6 nagas (Lair:4)
  6 water moccasins
  An acid dragon (D:7)
  A sky beast (D:7)
  13 porcupines
  6 orc warriors
  2 slaves (D:7)
  A black bear (D:6)
  Purgy (D:4)
  2 ice beasts
  A phantom (D:9)
  28 wolves (Lair:5)
  6 ogres
  3 centaurs
  9 crocodiles
  11 bullfrogs
  A big kobold (D:3)
  A gnoll sergeant (D:8)
  A water moccasin skeleton (D:7)
  3 scorpions
  29 killer bees
  An electric eel (Lair:3)
  10 crimson imps
  3 howler monkeys
  A centaur zombie (D:6)
  A quasit (D:9)
  A bullfrog zombie (D:5)
  12 jellies (Lair:2)
  7 orc priests
  5 hounds
  A gnoll shaman (D:4)
  Crazy Yiuf (D:2)
  A bullfrog skeleton (D:6)
  An iguana (D:9)
  15 orc wizards
  9 worker ants
  A hell rat (Lair:5)
  A killer bee zombie (D:5)
  A hound zombie (D:5)
  Robin (D:3)
  12 gnolls
  11 adders
  A river rat (Lair:5)
  2 shadow imps
  8 oozes
  An adder skeleton (D:7)
  An adder zombie (D:9)
  5 worms
  3 dart slugs
  6 leopard geckos
  27 orcs
  14 bats
  3 bat zombies (D:5)
  5 giant cockroaches
  11 goblins
  19 hobgoblins
  22 jackals
  9 quokkas
  4 ball pythons
  3 frilled lizards
  16 kobolds
  11 rats
  A rat zombie (D:5)
  2 fungi (Lair:2)
  A plant (Lair:1)
482 creatures vanquished.

Vanquished Creatures (others)
  A slave (D:7)
  A water moccasin (D:7)
  3 orcs (D:7)
  11 fungi
  18 plants
34 creatures vanquished.

Grand Total: 516 creatures vanquished

Notes
Turn   | Place    | Note
-------+----------+-------------------------------------------
     0 | D:1      | Gwenloh the Demigod Fighter began the quest for the Orb.
     0 | D:1      | Reached XP level 1. HP: 18/18 MP: 3/3
   387 | D:1      | Reached XP level 2. HP: 24/25 MP: 4/4
  1125 | D:2      | Reached XP level 3. HP: 21/30 MP: 5/5
  1567 | D:2      | Reached skill level 1 in Dodging
  1850 | D:2      | Reached XP level 4. HP: 34/38 MP: 6/6
  1913 | D:2      | Found a runed translucent door.
  1914 | D:2      | Noticed Crazy Yiuf
  2241 | D:2      | Killed Crazy Yiuf
  2463 | D:3      | Found a runed translucent door.
  2463 | D:3      | Noticed IHuginn's ghost (amateur FoFi)
  2848 | D:3      | Reached XP level 5. HP: 45/45 MP: 7/7
  2863 | D:3      | Found a sacrificial altar of Ru.
  2954 | D:3      | Noticed Robin
  2961 | D:3      | Killed Robin
  3089 | D:3      | Found a snail-covered altar of Cheibriados.
  3686 | D:3      | Reached XP level 6. HP: 51/51 MP: 8/8
  3701 | D:3      | Found a runed translucent door.
  3757 | D:3      | Noticed Grinder
  3766 | D:3      | Paralysed by Grinder for 6 turns
  3775 | D:3      | Killed Grinder
  4466 | D:4      | Found a basalt altar of Yredelemnul.
  4477 | D:4      | Reached XP level 7. HP: 44/58 MP: 9/9
  4804 | D:4      | Noticed Purgy
  4821 | D:4      | Killed Purgy
  5005 | D:4      | Reached skill level 5 in Long Blades
  5057 | D:4      | Found a shimmering altar of Xom.
  5122 | D:4      | Found a staircase to the Ecumenical Temple.
  5127 | D:4      | Identified the Tome of Toxins and Stolen Souls
  5247 | D:4      | Found a sacrificial altar of Ru.
  5280 | D:4      | Got an ancient leather armour
  5291 | D:4      | Identified the +2 leather armour of the Alphagorgon {+Inv
                  | rC+++ MR- rCorr} (You found it on level 4 of the Dungeon)
  5352 | D:4      | Found a white marble altar of Elyvilon.
  5651 | D:4      | Found a shadowy altar of Dithmenos.
  5659 | D:4      | Reached XP level 8. HP: 58/67 MP: 11/11
  5727 | D:4      | Found a stormy altar of Qazlal.
  5727 | D:4      | Found a shimmering blue altar of Sif Muna.
  5767 | D:5      | Entered Level 5 of the Dungeon
  5888 | D:5      | Reached skill level 1 in Evocations
  5937 | D:5      | Found Ystege's Food Shoppe.
  5951 | D:5      | Found a sparkling altar of Nemelex Xobeh.
  6049 | D:5      | Found Mashenoc's Jewellery Shoppe.
  6107 | D:5      | Found a hazy altar of Hepliaklqana.
  6236 | D:5      | Got a slimy trident
  6237 | D:5      | Identified the +12 trident of Death {vorpal, *Rage rPois
                  | Int+2} (You found it on level 5 of the Dungeon)
  6436 | D:5      | Found a burning altar of Makhleb.
  6436 | D:5      | Found a hide-covered altar of Uskayaw.
  6563 | D:5      | Found an ancient bone altar of Kikubaaqudgha.
  6704 | D:6      | Reached skill level 5 in Shields
  6771 | D:6      | Reached skill level 1 in Polearms
  6771 | D:6      | Reached skill level 5 in Armour
  6902 | D:6      | Reached skill level 5 in Fighting
  6904 | D:6      | Reached skill level 2 in Polearms
  7251 | D:7      | Noticed Pikel
  7258 | D:7      | Killed Pikel
  7258 | D:7      | Reached skill level 3 in Polearms
  7258 | D:7      | Reached XP level 9. HP: 73/74 MP: 12/14
  7584 | D:7      | Noticed Menkaure
  7586 | D:7      | Killed Menkaure
  7586 | D:7      | Reached skill level 4 in Polearms
  7746 | D:7      | Found a large runed translucent door.
  7746 | D:7      | Found a large runed translucent door.
  7758 | D:7      | Found a large runed translucent door.
  7758 | D:7      | Found a large runed translucent door.
  7922 | D:7      | Identified the +2 ring mail "Godumach" {rC++ rCorr Str+3}
  8059 | D:7      | Killed an unseen horror
  8059 | D:7      | Reached skill level 5 in Polearms
  8059 | D:7      | Reached XP level 10. HP: 34/83 MP: 14/16
  8488 | D:8      | Noticed Psyche
  8496 | D:8      | Killed Psyche
  8833 | D:8      | Got a bronze ring mail
  8845 | D:8      | Identified the +1 ring mail "Jempawn" {rF+ Regen+ Str+3}
                  | (You found it on level 8 of the Dungeon)
  8900 | D:8      | Reached skill level 6 in Polearms
  9798 | D:9      | Reached skill level 5 in Evocations
  9858 | D:9      | Found a staircase to the Lair.
  9991 | D:9      | Noticed a two-headed ogre
  9998 | D:9      | Killed a two-headed ogre
 10228 | D:9      | Reached skill level 7 in Polearms
 10383 | Lair:1   | Entered Level 1 of the Lair of Beasts
 10412 | D:9      | Reached XP level 11. HP: 28/92 MP: 18/18
 10666 | Lair:1   | Noticed Gastronok
 10686 | Lair:1   | Killed Gastronok
 10686 | Lair:1   | Reached skill level 8 in Polearms
 11010 | Lair:1   | Noticed Nergalle
 11019 | Lair:1   | Killed Nergalle
 11070 | Lair:1   | Learned a level 2 spell: Blink
 12676 | Lair:2   | Reached skill level 9 in Polearms
 13258 | Lair:3   | Reached XP level 12. HP: 94/101 MP: 20/20
 13972 | Lair:3   | Found a staircase to the Shoals.
 14565 | Lair:4   | Found a staircase to the Snake Pit.
 14576 | Lair:4   | Reached skill level 5 in Dodging
 15905 | Lair:5   | Reached skill level 10 in Polearms
 17119 | Lair:5   | Found a staircase to the Slime Pits.
 17478 | Lair:5   | Reached XP level 13. HP: 110/110 MP: 22/22
 17568 | Lair:5   | HP: 2/111 [meliai/divine providence (15)]
 17569 | Lair:5   | Slain by a meliai

Illustrated notes

Levels and vault maps discovered:
D:1:      ncdulo_halloftheorcs, layout_basic
D:2:      layout_basic, first_ration, uniq_crazy_yiuf_cottage
D:3:      layout_basic, cheibriados_altar_1, overflow_temple_1_default,
          ebering_ghost_sewer_f, minmay_divided_ellipse, uniq_grinder,
          uniq_robin
D:4:      layout_loops_ring, elyvilon_altar_1, gammafunk_temple_overflow_claw,
          yredelemnul_altar_generic, led_xom_imps,
          minmay_temple_entry_drinking_statues, minmay_misc_feat_tower,
          hangedman_ru_absence, uniq_purgy
D:5:      layout_loops_cross, nemelex_xobeh_ov_fountains_minmay,
          gammafunk_temple_overflow_wave, lemuel_zombie_altar_kikubaaqudgha,
          kennysheep_mini_moat, serial_shops, shop, nicolae_shop_stone,
          minivault_24, dk_noncrumbling_2
D:6:      layout_cave_pools
D:7:      layout_basic, minmay_hollow_rounded_squares, uniq_pikel, uniq_menkaure
D:8:      kennysheep_housing_project, layout_loops_cross, uniq_psyche
D:9:      layout_basic, erik_lair_orcish_takeover
Lair:1:   layout_gridlike, serial_bayou_shore_b, minmay_lair_oklob_chamber,
          uniq_gastronok, uniq_nergalle
Lair:2:   lemuel_slime, layout_regular_city, grunt_megastairs_1
Lair:3:   layout_regular_city, elwin_shoals_entry_rooms, serial_bayou_shore_b
Lair:4:   layout_regular_city, minmay_snake_entry_guardpost_large,
          minmay_stone_trees_small, st_stairs_9,
          eino_small_chamber_without_monster, grunt_megastairs_4
Lair:5:   regret_index_wax_grids, layout_cave_pods, dpeg_slime_entry_corner,
          grunt_forest_large_clearings

Skill      XL: |  1  2  3  4  5  6  7  8  9 10 11 12 13 |
---------------+----------------------------------------+-----
Long Blades    | 2 3 4 5 6 |  6.1
Shields        | 3 4 5 6 7 8 9 |  9.0
Dodging        | 1 2 3 4 5 |  5.9
Fighting       | 3 4 5 6 7 8 9 |  9.0
Armour         | 3 4 5 6 7 8 9 |  9.1
Evocations     | 2 4 5 6 7 |  7.7
Polearms       | 3 5 7 9 10 | 10.5

Action                   |  1- 3 |  4- 6 |  7- 9 | 10-12 | 13-15 || total
-------------------------+-------+-------+-------+-------+-------++-------
Melee: Long sword        |   149 |    72 |       |       |       ||   221
       Falchion          |       |   142 |    60 |       |       ||   202
       Scimitar          |       |       |   102 |       |       ||   102
       Trident           |       |       |   159 |   807 |    58 ||  1024
Throw: Stone             |    43 |    21 |     2 |       |       ||    66
       Javelin           |       |     9 |    26 |       |       ||    35
       Boomerang         |       |       |     8 |    30 |       ||    38
 Abil: Evoke Invisibilit |       |       |       |     1 |       ||     1
  Use: Potion            |       |     1 |       |       |     2 ||     3
       Scroll            |       |       |       |    24 |     3 ||    27
 Stab: Sleeping          |       |       |     1 |     1 |       ||     2
       Distracted        |       |       |       |     1 |       ||     1
       Invisible         |       |       |       |     6 |       ||     6
  Eat: Chunk             |     3 |     9 |    12 |    23 |       ||    47
       Ration            |       |       |       |     3 |       ||     3
Armor: Scale mail        |     9 |       |       |       |       ||     9
       Ring mail         |    53 |    59 |    16 |    51 |       ||   179
       Troll leather arm |       |       |    51 |    16 |       ||    67
       Chain mail        |       |       |       |   128 |    31 ||   159
Dodge: Dodged            |    54 |    72 |   122 |   251 |    35 ||   534
Block: Kite shield       |    92 |    99 |   159 |   503 |    75 ||   928
       Rpst.: Long sword |    18 |    10 |       |       |       ||    28
       Falchion          |       |    15 |     8 |       |       ||    23
       Scimitar          |       |       |    11 |       |       ||    11
